[Event "Late-Titled-Tuesday-Blitz-January-30-2024"]
[Site "Chess.com"]
[Date "2024.01.30"]
[Round "1"]
[White "Meri-Arabidze"]
[Black "Onthequiet"]
[Result "1-0"]
[WhiteElo "2747"]
[BlackElo "2427"]
[TimeControl "180+1"]
[EndTime "14:06:42 PST"]
[Termination "Meri-Arabidze won by checkmate"]

1. Nf3 d5 2. b3 Nf6 3. Bb2 c6 4. c4 e6 5. e3 Be7 6. Qc2 O-O 7. Nc3 Nbd7 8. Rg1 Re8 9. g4 Nf8 10. g5 N6d7 11. h4 b6 12. h5 Bb7 13. O-O-O Rc8 14.
Kb1 dxc4 15. Bxc4 b5 16. Be2 a6 17. Ne4 c5 18. d3 Bxe4 19. dxe4 Qc7 20. Qc3 e5 21. h6 Ng6 22. hxg7 c4 23. Rc1 Qb7 24. bxc4 bxc4 25. Ka1 Qxe4 26. Nd2 Qf5 27. Bxc4 Nb6 28. Qd3 Qh3 29. Bxa6 Rcd8 30. Qc2 Nd5 31. Bc4 Rc8 32.
Qd3 Nb4 33. Qb3 Qf5 34. f4 exf4 35. e4 Qa5 36. Bxf7# 1-0

[Event "Late-Titled-Tuesday-Blitz-January-30-2024"]
[Site "Chess.com"]
[Date "2024.01.30"]
[Round "1"]
[White "egnfanclub"]
[Black "M1711"]
[Result "0-1"]
[WhiteElo "2371"]
[BlackElo "2671"]
[TimeControl "180+1"]
[EndTime "14:06:42 PST"]
[Termination "M1711 won by resignation"]

1. e4 c6 2. d4 d5 3. exd5 cxd5 4. c4 Nf6 5. Nc3 Nc6 6. Nf3 g6 7. cxd5 Nxd5 8. Qb3 e6 9. Bg5 Be7 10. Bh6 Bf8 11.
Bxf8 Kxf8 12. Nxd5 exd5 13. Be2 Kg7 14. O-O Qd6 15. Rfe1 Be6 16. Bb5 Ne7 17. Qe3 Nf5 18. Qe5+ Qxe5 19. dxe5 Rhc8 20. Rac1 d4 21. Bd3 Ne7 22.
Nxd4 Bxa2 23. Be4 Bd5 24. Bxd5 Nxd5 25. e6 fxe6 26. Nxe6+ Kf6 27. Nd4 Rxc1 28. Rxc1 Rd8 29. g3 Nf4 30. gxf4 Rxd4 31. Rc7 Rb4 32. Rxh7 Rxb2 33. Kg2 a5 34. h4 a4 35. Rd7 a3 36.
Rd3 a2 37. Ra3 b5 38. Kf3 b4 39. Ra6+ Kg7 40. f5 gxf5 41. Kf4 b3 42. Kxf5 Rxf2+ 43. Kg5 Rg2+ 44. Kf5 b2 0-1

[Event "Late-Titled-Tuesday-Blitz-January-30-2024"]
[Site "Chess.com"]
[Date "2024.01.30"]
[Round "1"]
[White "Lion-Al-Messi"]
[Black "larsmandreassen"]
[Result "1-0"]
[WhiteElo "2598"]
[BlackElo "2206"]
[TimeControl "180+1"]
[EndTime "14:06:42 PST"]
[Termination "Lion-Al-Messi won by resignation"]

1. e4 d6 2. d4 Nf6 3. Nc3 e5 4. Nf3 Nbd7 5. Bc4 Be7 6. O-O O-O 7.
Qe2 c6 8. a4 Qc7 9. b3 exd4 10.
Nxd4 Ne5 11. Nf5 Nxc4 12. Qxc4 Bxf5 13. exf5 d5 14. Qd3 Bd6 15. g3 Be5 16. Bd2 Ne4 17.
Rae1 Bxc3 18. Bxc3 Nxc3 19. Qxc3 Rfe8 20. f6 Re6 21. fxg7 Rae8 22. Rxe6 Rxe6 23. Qd4 b6 24. h4 f6 25. Qg4 Re4 26. Qf5 Qxg7 27. Qc8+ Qf8 28. Qxc6 Qf7 29. Rd1 Re5 30. Qc8+ Kg7 31.
Qg4+ Kh8 32. Qf4 Qe6 33. Kh2 h5 34. Qh6+ Kg8 35. Qg6+ Kh8 36. Rd3 Rf5 37. Rd2 Qe4 38.
Qh6+ Kg8 39. Qe3 Qg4 40. Qe8+ Kg7 41. Qe7+ Kg6 42. Qe8+ Kg7 43. Re2 Re5 44. Rxe5 fxe5 45. Qxe5+ Kg6 46. Qd6+ Kh7 47. Qe7+ Kh6 48. Qd6+ Kh7 49.
Qxd5 Qe2 50. Qd3+ 1-0

[Event "Late-Titled-Tuesday-Blitz-January-30-2024"]
[Site "Chess.com"]
[Date "2024.01.30"]
[Round "1"]
[White "TudorAnton"]
[Black "GMBenjaminBok"]
[Result "0-1"]
[WhiteElo "2512"]
[BlackElo "2939"]
[TimeControl "180+1"]
[EndTime "14:06:44 PST"]
[Termination "GMBenjaminBok won by resignation"]

1. d4 Nf6 2. Nf3 e6 3. c4 b6 4. Nc3 Bb7 5. g3 Bb4 6. Bg2 Bxc3+ 7.
bxc3 O-O 8. O-O h6 9. c5 bxc5 10. Ba3 Re8 11. dxc5 Nc6 12. Rb1 Rb8 13. Qa4 Ba8 14.
Rb3 Nd5 15. Rxb8 Qxb8 16. Qc2 Qc8 17. e4 Nde7 18. Nd4 Qa6 19. Bc1 Qc4 20. Nb3 a5 21. Rd1 a4 22. Nd4 Qxc5 23. Qxa4 Rb8 24. Be3 Qxc3 25. Nb5 Qe5 26. Bf1 d5 27. Bf4 Qxe4 28.
Qa3 e5 29. Bd3 Qb4 30. Qc1 exf4 0-1

[Event "Late-Titled-Tuesday-Blitz-January-30-2024"]
[Site "Chess.com"]
[Date "2024.01.30"]
[Round "1"]
[White "Defenstrator"]
[Black "Hrant_ChessMood"]
[Result "0-1"]
[WhiteElo "2501"]
[BlackElo "2901"]
[TimeControl "180+1"]
[EndTime "14:06:45 PST"]
[Termination "Hrant_ChessMood won by resignation"]

1. e4 c6 2. d4 d5 3. e5 Bf5 4.
Ne2 e6 5. Nf4 c5 6. g4 Be4 7. f3 Qh4+ 8. Ke2 Bg6 9. c3 Nc6 10. Be3 Qd8 11. h4 Bxb1 12. Rxb1 Qb6 13. b4 cxd4 14. cxd4 Nge7 15. Kf2 g6 16. h5 g5 17. Nd3 h6 18. Nc5 Bg7 19. a4 Qc7 20. Rc1 Qb6 21. a5 Qxb4 22. Rb1 Qa3 23. Rxb7 O-O 24.
Bxg5 hxg5 25. h6 Bxe5 26. Nd7 Bxd4+ 27. Kg2 Qa2+ 28. Be2 Ng6 29. Nxf8 Nf4+ 30. Kf1 Rxf8 31. Rh2 Qxa5 32. Rd7 Qb6 33. Rd6 Qc5 34. Rd7 Ne5 35. Rb7 Nc4 36. Bd3 Ne3+ 0-1

[Event "Late-Titled-Tuesday-Blitz-January-30-2024"]
[Site "Chess.com"]
[Date "2024.01.30"]
[Round "1"]
[White "aistrel"]
[Black "Firouzja2003"]
[Result "0-1"]
[WhiteElo "2539"]
[BlackElo "3137"]
[TimeControl "180+1"]
[EndTime "14:06:46 PST"]
[Termination "Firouzja2003 won by resignation"]

1. d4 Nf6 2. Nc3 d5 3. Bf4 c5 4.
e3 cxd4 5. exd4 Bg4 6. Be2 Bxe2 7. Qxe2 Nc6 8. Nb5 Kd7 9. Nf3 a6 10. Nc7 Rc8 11. Ne5+ Nxe5 12. dxe5 Rxc7 13. exf6 Rc6 14. O-O-O e6 15. Qg4 Qxf6 16. Rxd5+ Kc8 17. Rhd1 Be7 18. Rd7 Ba3 19. bxa3 Qc3 20. Rc7+ Rxc7 21. Bxc7 Kxc7 22.
Rd3 Qe1+ 23. Kb2 Qe5+ 24. Kb3 Rc8 25. Qg3 Qxg3 26. Rxg3 g6 27. Rf3 Rf8 28. c4 Kd6 29.
g4 f5 30. g5 e5 31. Rh3 Rf7 32. Rd3+ Ke6 33. c5 e4 34. Rd6+ Ke5 35. Kc4 Kf4 36. c6 bxc6 37. Rxc6 Kf3 38. Rxa6 Kxf2 39. Re6 e3 40.
Kd3 Rd7+ 41. Kc2 e2 0-1

[Event "Late-Titled-Tuesday-Blitz-January-30-2024"]
[Site "Chess.com"]
[Date "2024.01.30"]
[Round "1"]
[White "Beca95"]
[Black "annasargsyan_m"]
[Result "0-1"]
[WhiteElo "2972"]
[BlackElo "2539"]
[TimeControl "180+1"]
[EndTime "14:06:46 PST"]
[Termination "annasargsyan_m won by checkmate"]

1. d4 d5 2. Nf3 Nf6 3. e3 Bf5 4. c4 c6 5. Nc3 e6 6. Be2 Nbd7 7. Nh4 Bg6 8. Qb3 Qc7 9. Nxg6 hxg6 10. g3 Bd6 11. Bd2 O-O 12. h4 dxc4 13. Bxc4 e5 14. O-O-O exd4 15. exd4 b5 16. Bd3 a5 17. Kb1 a4 18.
Qc2 Qa7 19. Be3 b4 20. Ne4 Nxe4 21. Bxe4 Rfc8 22. Qe2 Nf6 23. Qf3 b3 24. a3 Bxa3 25.
bxa3 Qe7 26. Bxc6 Qxa3 27. Rd2 b2 28. Rxb2 Rab8 29. Bc1 Qd6 30. d5 a3 31. Rxb8 Rxb8+ 32. Ka2 Qb4 33. Qxa3 Qb1# 0-1

[Event "Late-Titled-Tuesday-Blitz-January-30-2024"]
[Site "Chess.com"]
[Date "2024.01.30"]
[Round "1"]
[White "NikolaGry"]
[Black "Dzidzik2203"]
[Result "1-0"]
[WhiteElo "2710"]
[BlackElo "2410"]
[TimeControl "180+1"]
[EndTime "14:06:46 PST"]
[Termination "NikolaGry won by resignation"]

1. d4 d5 2. Bg5 c5 3. c3 cxd4 4. cxd4 f6 5. Bf4 g5 6. Bg3 Nc6 7. e3 Bf5 8. Nc3 e6 9. Bd3 Bxd3 10. Qxd3 Bd6 11. Nge2 Nge7 12. h4 g4 13. h5 Nf5 14.
Bxd6 Qxd6 15. g3 a6 16. Nf4 Nce7 17. Rc1 O-O 18. O-O Rac8 19. Rfe1 Rc4 20. b3 Rc6 21. Na4 Rfc8 22. Rxc6 Qxc6 23. Nc5 e5 24. Ng2 b6 25. Nxa6 Qc3 26. Qe2 exd4 27. Qxg4+ Kh8 28. exd4 Rg8 29. Qf4 Qc8 30. Rxe7 Nxe7 31. Qxf6+ Rg7 32. h6 Nf5 33. hxg7+ Nxg7 34. Nc7 1-0

[Event "Late-Titled-Tuesday-Blitz-January-30-2024"]
[Site "Chess.com"]
[Date "2024.01.30"]
[Round "1"]
[White "EsmeraldasAnderson03"]
[Black "Hamisandwich"]
[Result "0-1"]
[WhiteElo "2410"]
[BlackElo "2708"]
[TimeControl "180+1"]
[EndTime "14:06:48 PST"]
[Termination "Hamisandwich won on time"]

1. d4 g6 2. e4 d6 3. Nc3 c6 4. Be3 b5 5. Qd2 Nd7 6. h4 Ngf6 7. f3 Nb6 8. b3 Bg7 9. Bh6 Bxh6 10. Qxh6 b4 11.
Nce2 e5 12. Rd1 Qe7 13. Ng3 d5 14. exd5 Nbxd5 15. dxe5 Qxe5+ 16. Kf2 Be6 17. Ba6 Nc3 18. N1e2 Qc5+ 19. Rd4 Rd8 20. Qg5 Nfd5 21. Ne4 Nxe4+ 22. fxe4 h6 23. Qe5 O-O 24. exd5 Rxd5 25. Qe3 Rf5+ 26.
Rf4 Qxc2 27. Rxf5 Bxf5 28. h5 g5 29. Bc4 Qxa2 30. Kg3 Qa5 31. Rf1 Qc7+ 32. Kf2 Bg4 33.
Kg1 Bxh5 34. Nd4 Bg6 35. Nf5 Kh7 36. Qh3 h5 0-1

[Event "Late-Titled-Tuesday-Blitz-January-30-2024"]
[Site "Chess.com"]
[Date "2024.01.30"]
[Round "1"]
[White "GothamChess"]
[Black "ArturoCaceres"]
[Result "1-0"]
[WhiteElo "2753"]
[BlackElo "2432"]
[TimeControl "180+1"]
[EndTime "14:06:49 PST"]
[Termination "GothamChess won on time"]

1. e4 c5 2. a3 d6 3. Nc3 Nf6 4. Bc4 e6 5. d3 Be7 6. Ba2 Nc6 7. f4 d5 8. Nf3 dxe4 9. Nxe4 Nxe4 10. dxe4 Qxd1+ 11. Kxd1 b6 12. Ke2 Bf6 13. e5 Be7 14. Bc4 a6 15. Be3 Bb7 16. Kf2 Na5 17. Be2 Be4 18. Rac1 Bd5 19. c4 Bb7 20. Rhd1 Rd8 21. b4 Rxd1 22. Bxd1 cxb4 23. axb4 Bxb4 24. Bxb6 Nc6 25. c5 Ke7 26. Ba4 Rb8 27. Rd1 Ba8 28. Kg3 a5 29. h4 h5 30. Ng5 g6 31. Nh7 Bb7 32. Nf6 Bc3 33. Rd7+ Kf8 34. Rxb7 Rxb7 35. Bxc6 Re7 36. Ne4 Bb4 37. Kf3 Kg7 38. g3 Kf8 39. g4 hxg4+ 40. Kxg4 Kg7 41. h5 gxh5+ 42. Kxh5 Be1 43. Kg4 Bb4 44. Nd6 Kg6 45. Be4+ Kg7 46. f5 exf5+ 47. Nxf5+ Kf8 48. Nxe7 Kxe7 49. Kf5 a4 50. Bc2 a3 51. Bb3 Bc3 52. c6 Bb4 53.
Bxf7 1-0

[Event "Late-Titled-Tuesday-Blitz-January-30-2024"]
[Site "Chess.com"]
[Date "2024.01.30"]
[Round "1"]
[White "MKlose11"]
[Black "Bkmzzzzz"]
[Result "0-1"]
[WhiteElo "2627"]
[BlackElo "2350"]
[TimeControl "180+1"]
[EndTime "14:06:49 PST"]
[Termination "Bkmzzzzz won by checkmate"]

1. e4 d6 2. d4 Nf6 3. Nc3 e5 4.
dxe5 dxe5 5. Qxd8+ Kxd8 6. Bc4 Be6 7. Bxe6 fxe6 8. Be3 Bd6 9. O-O-O Ke7 10. f3 Nc6 11. Nge2 a6 12. Na4 Nd7 13. c4 b5 14. Nac3 bxc4 15. Kb1 Rhb8 16. Na4 Rb4 17. Nec3 Rab8 18. Rd2 h6 19. Rhd1 g5 20. h4 Rg8 21. hxg5 hxg5 22.
Rh1 Nf6 23. g4 Rbb8 24. Rdh2 Nd4 25. Rh3 c5 26. Kc1 Kf7 27. Kd1 Be7 28. Ke1 Nd7 29.
Rh7+ Rg7 30. R7h5 Rbg8 31. Kf2 Ke8 32. Rc1 Rf8 33. Rh3 Rgf7 34. Bxd4 exd4 35. Ne2 Ne5 36. Kg2 Rxf3 37. Rxf3 Rxf3 38. Nb6 Re3 39. Ng3 d3 40. Nf1 Re2+ 41. Kg1 Rxe4 42. Nd2 Rxg4+ 43. Kf2 Rf4+ 44. Ke3 Ng4# 0-1

[Event "Late-Titled-Tuesday-Blitz-January-30-2024"]
[Site "Chess.com"]
[Date "2024.01.30"]
[Round "1"]
[White "Gentlejimmy7"]
[Black "PattyCastillo"]
[Result "1-0"]
[WhiteElo "2550"]
[BlackElo "1992"]
[TimeControl "180+1"]
[EndTime "14:06:49 PST"]
[Termination "Gentlejimmy7 won on time"]

1. c4 c6 2. d4 d5 3. cxd5 cxd5 4.
Nf3 Nf6 5. Nc3 e6 6. Bf4 Bd6 7. Bg3 O-O 8. e3 Nc6 9. Bd3 a6 10. Rc1 Qe7 11. O-O e5 12. dxe5 Nxe5 13. Nxe5 Bxe5 14.
Bb1 Bxg3 15. hxg3 Be6 16. Qd4 Rac8 17. b3 Rfd8 18. Rfd1 Qa3 19. Ne2 h6 20. Qd2 Bg4 21. f3 Be6 22. Nd4 Qd6 23. g4 Qg3 24. Qf2 Qe5 25.
Bf5 Bxf5 26. Nxf5 Rxc1 27. Rxc1 Kh7 28. Qd2 g6 29. Qd4 Re8 30. Qxe5 Rxe5 31. Nd6 Rxe3 32. Rc7 g5 33. Rxf7+ Kg6 34. Rxb7 Re2 35. Nf5 Ne8 36.
Rb6+ Kf7 37. Nxh6+ Kg7 38. Nf5+ Kf7 39. Rxa6 1-0

[Event "Late-Titled-Tuesday-Blitz-January-30-2024"]
[Site "Chess.com"]
[Date "2024.01.30"]
[Round "1"]
[White "The_Straightforward_Rook"]
[Black "Vladimir_2020"]
[Result "0-1"]
[WhiteElo "2418"]
[BlackElo "2733"]
[TimeControl "180+1"]
[EndTime "14:06:50 PST"]
[Termination "Vladimir_2020 won by resignation"]

1. d4 d5 2. Nf3 Nf6 3. c4 c6 4.
cxd5 cxd5 5. Nc3 Nc6 6. Bf4 Nh5 7. Bd2 g6 8. e3 Bg7 9. Bd3 O-O 10. O-O Bg4 11.
h3 Bxf3 12. Qxf3 e6 13. Rac1 f5 14. a3 Nf6 15. Rc2 Ne4 16. Bxe4 fxe4 17. Qg4 Qd7 18.
b4 Ne7 19. Rfc1 Rac8 20. Be1 Nf5 21. Qe2 Rc4 22. Nd1 Nd6 23. Nb2 Rxc2 24. Rxc2 Rc8 25. a4 a6 26. Rc5 b6 27. Rc2 b5 28. axb5 axb5 29. Rc5 Bf8 30. Qc2 Nc4 31. Rxc8 Qxc8 32. Nxc4 Qxc4 33. Qxc4 bxc4 34. b5 Bd6 35. Ba5 Kf7 36. Kf1 Ke8 37. b6 Kd7 38. b7 Kc6 39.
Ke1 Kxb7 40. Kd2 Ka6 41. Bd8 Bb4+ 42. Kc2 Kb5 43. g4 Be1 44. Bh4 Ka4 45. Bg3 Ka3 46. g5 Ka4 47. Bh4 Kb5 48. Bg3 Kc6 49. Kd1 Bb4 50. Kc2 Bd6 51. Bh4 Kb5 0-1

[Event "Late-Titled-Tuesday-Blitz-January-30-2024"]
[Site "Chess.com"]
[Date "2024.01.30"]
[Round "1"]
[White "h4parah5"]
[Black "Road2GM3000"]
[Result "1-0"]
[WhiteElo "2900"]
[BlackElo "2499"]
[TimeControl "180+1"]
[EndTime "14:06:51 PST"]
[Termination "h4parah5 won on time"]

1. Nf3 Nf6 2. b3 d5 3. Bb2 c6 4. g3 Bg4 5. Bg2 e6 6. h3 Bh5 7. g4 Bg6 8. Ne5 Nbd7 9. Nxg6 hxg6 10. e3 Bb4 11. a3 Ba5 12. g5 Ne4 13. h4 Rh7 14. b4 Bc7 15. c4 Be5 16. d4 Bc7 17. Bxe4 dxe4 18. Qg4 Qe7 19. Nd2 O-O-O 20. Nxe4 f5 21.
gxf6 Nxf6 22. Qxg6 Rh6 23. Qg2 Rdh8 24. Nc5 Rxh4 25.
O-O-O Ng4 26. Rxh4 Rxh4 27. Nd3 Qf7 28. Kb1 Qf5 29. e4 Qh5 30. Rg1 b6 31. Qf3 Rh2 32. Qxg4 Qh6 33. Qf3 Qd2 34. Qe3 1-0

[Event "Late-Titled-Tuesday-Blitz-January-30-2024"]
[Site "Chess.com"]
[Date "2024.01.30"]
[Round "1"]
[White "Zq1"]
[Black "TigrVShlyape"]
[Result "0-1"]
[WhiteElo "2507"]
[BlackElo "2929"]
[TimeControl "180+1"]
[EndTime "14:06:52 PST"]
[Termination "TigrVShlyape won by resignation"]

1. d4 f5 2. Nf3 Nf6 3. Bg5 e6 4. Nbd2 Be7 5. Bxf6 Bxf6 6. e4 d5 7. exf5 exf5 8. Bd3 Qe7+ 9. Qe2 Qxe2+ 10. Kxe2 Nc6 11. c3 O-O 12. Rhe1 Re8+ 13. Kf1 Bd7 14. Bb5 a6 15.
Bxc6 Bxc6 16. Ne5 Bb5+ 17. Kg1 Bxe5 18. Rxe5 Rxe5 19. dxe5 f4 20. Nb3 Kf7 21. Nd4 Ke7 22. a4 Bd7 23. a5 c5 24. Nb3 Rc8 25. Re1 Be6 26. Nd2 g5 27. g3 Rf8 28. Kg2 Bd7 29. h4 gxh4 30. gxh4 Bc6 31. f3 Rg8+ 32. Kf2 Ba4 33. b3 Bd7 34. c4 Be6 35. Rc1 Bh3 36. Rg1 Rxg1 37. Kxg1 Ke6 38. cxd5+ Kxd5 39. Ne4 h6 40. Kf2 Be6 41. Ke2 Kd4 42. Nd6 Kxe5 43. Nxb7 Kd4 44. Nd6 h5 45. Kd2 Bxb3 46. Nf5+ Ke5 47. Ne7 Bf7 48. Nc6+ Kd6 49. Nb8 Bc4 0-1

[Event "Late-Titled-Tuesday-Blitz-January-30-2024"]
[Site "Chess.com"]
[Date "2024.01.30"]
[Round "1"]
[White "aghasiyevkamal"]
[Black "GoValya"]
[Result "1-0"]
[WhiteElo "2631"]
[BlackElo "2312"]
[TimeControl "180+1"]
[EndTime "14:06:52 PST"]
[Termination "aghasiyevkamal won by resignation"]

1. d4 d5 2. c4 c6 3. Nc3 Nf6 4. e3 e6 5. Nf3 Be7 6. Bd3 dxc4 7. Bxc4 O-O 8. O-O b5 9. Be2 Nbd7 10. b3 Bb7 11. Bb2 a6 12. Rc1 c5 13. a4 b4 14.
Nb1 Ne4 15. Nbd2 Ndf6 16. Nxe4 Nxe4 17. Bd3 Rc8 18. Qe2 a5 19. Rfd1 Qb6 20. Ne5 Rfd8 21.
Nc4 Qa7 22. Bxe4 Bxe4 23. dxc5 Bxc5 24. Qg4 Bg6 25. h4 h5 26. Qg3 Be7 27. Bd4 Qa8 28. Ne5 Rxc1 29. Rxc1 Qe4 30. Nxg6 Qxg6 31. Qxg6 fxg6 32.
Rc6 Kf7 33. Rc7 Rd5 34. Kf1 Kf8 35. f4 Bxh4 36. Ke2 Bf6 37. Bc5+ Kg8 38. e4 Rd8 39. e5 Bh4 40. Bd6 Re8 41. Ra7 Bg3 42. Kf3 h4 43. Rxa5 Rc8 44. Rc5 Rxc5 45. Bxc5 Be1 46.
a5 Bc3 47. a6 1-0

[Event "Late-Titled-Tuesday-Blitz-January-30-2024"]
[Site "Chess.com"]
[Date "2024.01.30"]
[Round "1"]
[White "Chemim21"]
[Black "Alex_Banzea"]
[Result "0-1"]
[WhiteElo "2235"]
[BlackElo "2603"]
[TimeControl "180+1"]
[EndTime "14:06:52 PST"]
[Termination "Alex_Banzea won by checkmate"]

1. d4 Nf6 2. Bf4 g6 3. e3 Bg7 4. Nf3 d6 5. Nbd2 O-O 6. h3 c5 7. c3 cxd4 8. exd4 Nc6 9. Be2 e5 10. dxe5 dxe5 11. Nxe5 Nd5 12. Nxc6 bxc6 13. Bg3 Bxc3 14.
bxc3 Nxc3 15. Qb3 Nxe2 16. Kxe2 Re8+ 17. Kd1 Qd4 18. Rc1 Bf5 19. Qc4 Qb2 20. Re1 Rxe1+ 21. Kxe1 Bd3 22. Qxd3 Qxc1+ 23. Ke2 Re8+ 24. Kf3 Qd1+ 25. Kf4 Re2 26. Qd8+ Kg7 27. Qd4+ Kh6 28. Nf3 Qc1+ 29. Kg4 f5+ 30. Kh4 g5+ 31. Nxg5 Qxg5# 0-1

[Event "Late-Titled-Tuesday-Blitz-January-30-2024"]
[Site "Chess.com"]
[Date "2024.01.30"]
[Round "1"]
[White "powermove"]
[Black "arenal72"]
[Result "0-1"]
[WhiteElo "2067"]
[BlackElo "2562"]
[TimeControl "180+1"]
[EndTime "14:06:52 PST"]
[Termination "arenal72 won on time"]

1. d4 d6 2. c4 e5 3. Nf3 e4 4. Ng1 f5 5. Nc3 Nf6 6. Bg5 Be7 7. e3 O-O 8. f3 exf3 9. Nxf3 Ne4 10. Bxe7 Qxe7 11.
Nd5 Qf7 12. Bd3 Be6 13. Nf4 Bxc4 14. O-O Bxd3 15. Qxd3 c6 16. d5 Nd7 17. Rac1 Ndc5 18. Qc4 a5 19. dxc6 Qxc4 20. Rxc4 bxc6 21. a3 a4 22. Rd1 d5 23. Rc2 g5 24. Nd3 Nxd3 25.
Rxd3 Rf6 26. Nd4 Rc8 27. b3 axb3 28. Nxb3 Ra8 29. Nd4 c5 30. Nb5 Ra5 31. Rxd5 Rxb5 0-1

[Event "Late-Titled-Tuesday-Blitz-January-30-2024"]
[Site "Chess.com"]
[Date "2024.01.30"]
[Round "1"]
[White "brm72"]
[Black "ScarpaChess"]
[Result "1-0"]
[WhiteElo "2695"]
[BlackElo "2377"]
[TimeControl "180+1"]
[EndTime "14:06:54 PST"]
[Termination "brm72 won on time"]

1. e4 e5 2. Nf3 d6 3. d4 Nd7 4. Bc4 c6 5. Nc3 Be7 6. a4 Ngf6 7. O-O O-O 8. Re1 Qc7 9. a5 Rb8 10. h3 b5 11. axb6 axb6 12. Bb3 b5 13. Bg5 h6 14.
Bh4 Bb7 15. Bg3 Rfd8 16. Qe2 Bf8 17. Rad1 Ra8 18. Nh4 Ba6 19. Qf3 b4 20. Nb1 c5 21.
dxe5 Nxe5 22. Bxe5 dxe5 23. Bd5 Nxd5 24. exd5 c4 25. Nd2 Bb7 26. Nf1 Ra2 27. b3 Rxc2 28. Ne3 cxb3 29. Rb1 Rc3 30. Qe4 1-0

[Event "Late-Titled-Tuesday-Blitz-January-30-2024"]
[Site "Chess.com"]
[Date "2024.01.30"]
[Round "1"]
[White "SchmakAttack"]
[Black "Boninknights"]
[Result "1-0"]
[WhiteElo "2743"]
[BlackElo "2425"]
[TimeControl "180+1"]
[EndTime "14:06:55 PST"]
[Termination "SchmakAttack won by resignation"]

1. Nf3 Nf6 2. c4 g6 3. g3 Bg7 4.
Nc3 O-O 5. Bg2 d5 6. cxd5 Nxd5 7. h4 Nf6 8. d4 Nc6 9. d5 Nb4 10. e4 c6 11. a3 Na6 12. O-O cxd5 13. exd5 Nc7 14. Ne5 Nfxd5 15. Nxf7 Rxf7 16. Nxd5 Be6 17. Nf4 Bc4 18. Re1 e5 19. Nh3 Rd7 20. Qc2 Bd5 21.
Ng5 h6 22. Bxd5+ Rxd5 23. Ne4 Ne6 24. Be3 Nd4 25. Bxd4 exd4 26. Rad1 d3 27. Qb3 Kh7 28. Re3 Rc8 29. Rexd3 Rxd3 30. Rxd3 Rc1+ 31. Kg2 Qe7 32. Qd5 Bxb2 33. Rb3 Bxa3 34. Rxb7 Rc7 35. Nf6+ Kg7 36. Rxc7 1-0

[Event "Late-Titled-Tuesday-Blitz-January-30-2024"]
[Site "Chess.com"]
[Date "2024.01.30"]
[Round "1"]
[White "Lion_DL"]
[Black "Adar_07"]
[Result "0-1"]
[WhiteElo "2349"]
[BlackElo "2650"]
[TimeControl "180+1"]
[EndTime "14:06:55 PST"]
[Termination "Adar_07 won by resignation"]

1. d4 Nf6 2. c4 e6 3. Nf3 Bb4+ 4. Nbd2 O-O 5. a3 Bxd2+ 6. Bxd2 b6 7. Bg5 Bb7 8. e3 h6 9. Bh4 d6 10. Bd3 Nbd7 11.
O-O g5 12. Bg3 Ne4 13. Nd2 Nxd2 14. Qxd2 f5 15. f3 Qe7 16. e4 fxe4 17. fxe4 e5 18. d5 Rxf1+ 19. Rxf1 Rf8 20. Qd1 Nc5 21. Bc2 a5 22. b4 axb4 23. axb4 Na6 24. Rxf8+ Qxf8 25. Qd2 Bc8 26. h4 Qf6 27. hxg5 Qxg5 28. Qxg5+ hxg5 29. b5 Nc5 30. Kf2 Kg7 31. Ke3 Bg4 32. Be1 Kf6 33. Bb4 Nd7 34. g3 Bh3 35. Bd3 Nf8 36. Be2 Bg2 37. Bd3 Nh7 38. Kf2 Bh1 39. Kg1 Bf3 40. Kf2 Bd1 41. Ke1 Bg4 42. Kf2 Kg6 43. Ke3 Nf6 44.
Be1 Bh3 45. Kf3 Kh5 46. Be2 Bg4+ 47. Ke3 Bxe2 48. Kxe2 Nxe4 49. Ke3 Nc5 50. Kf3 e4+ 51. Ke3 Kg4 52. Bf2 Nd3 53. Bg1 Ne5 54. Kxe4 Nxc4 55.
Bf2 Na3 56. Kd4 Nxb5+ 57. Kc4 Na3+ 58. Kb4 Nb1 59. Kb5 Kf3 60. Be1 Na3+ 61. Kc6 Nc2 62. Bc3 Ne3 63. Bd4 Nf5 64. Bc3 Ne7+ 65. Kxc7 Nxd5+ 66. Kxd6 Nxc3 0-1

[Event "Late-Titled-Tuesday-Blitz-January-30-2024"]
[Site "Chess.com"]
[Date "2024.01.30"]
[Round "1"]
[White "DeArron_Fox"]
[Black "Kiborg95"]
[Result "0-1"]
[WhiteElo "2489"]
[BlackElo "2863"]
[TimeControl "180+1"]
[EndTime "14:06:56 PST"]
[Termination "Kiborg95 won on time"]

1. d4 d6 2. e4 Nf6 3. Nc3 e5 4.
dxe5 dxe5 5. Qxd8+ Kxd8 6. Bc4 Ke8 7. f3 c6 8. Be3 b5 9. Bb3 Nbd7 10. a4 b4 11. Nd1 Nc5 12. Bc4 a5 13. Ne2 Nfd7 14.
Nf2 Nb6 15. Bb3 Ba6 16. Nc1 Rd8 17. Ba2 Ncxa4 18. Ncd3 f6 19. b3 Bxd3 20. bxa4 Nc4 21. Bxc4 Bxc4 22. Bb6 Ra8 23. O-O-O Be7 24. Nd3 Kf7 25.
Nb2 Be6 26. Nd3 Bc4 27. Nb2 Be6 28. Nd3 Rhb8 29. Bc5 b3 30. Bxe7 bxc2 31. Rde1 Kxe7 32. Kxc2 Bb3+ 33. Kc3 Bxa4 34. Nc5 Bb5 35. Rd1 Rd8 36. Ra1 a4 37. Ra2 Rd4 38. Rha1 Rc4+ 0-1

[Event "Late-Titled-Tuesday-Blitz-January-30-2024"]
[Site "Chess.com"]
[Date "2024.01.30"]
[Round "1"]
[White "Herman-NY"]
[Black "ContrVersia"]
[Result "0-1"]
[WhiteElo "2482"]
[BlackElo "2849"]
[TimeControl "180+1"]
[EndTime "14:06:56 PST"]
[Termination "ContrVersia won by resignation"]

1. e4 c5 2. Nf3 Nc6 3. Bb5 g6 4. Bxc6 dxc6 5. O-O Bg7 6. h3 Nf6 7. Re1 Nd7 8. e5 Nf8 9. d3 Ne6 10. Nc3 b6 11. Ne4 Bb7 12. Neg5 Nxg5 13. Nxg5 h6 14.
Ne4 Qd4 15. Nf6+ Kf8 16. c3 Qd8 17. Ne4 Ba6 18. c4 Qd4 19. e6 f5 20. Nc3 Kg8 21. Be3 Qd6 22. Qc2 Kh7 23. Rad1 Bc8 24. Ne2 Bxe6 25. d4 Bf7 26. dxc5 Qc7 27. cxb6 axb6 28. c5 b5 29. a3 Rad8 30. Bd4 e5 31. Bc3 Rd5 32.
f4 Rxc5 33. fxe5 Re8 34. Nf4 Bxe5 35. Nd3 Bd4+ 36. Kh1 Rxe1+ 37. Rxe1 Rc4 38. Qe2 Bxc3 39. bxc3 Re4 40. Qf2 Qe7 41. Rxe4 fxe4 42. Nf4 e3 43. Qe2 Bc4 44. Qe1 e2 45. g3 Qe4+ 46. Ng2 Bd5 0-1

[Event "Late-Titled-Tuesday-Blitz-January-30-2024"]
[Site "Chess.com"]
[Date "2024.01.30"]
[Round "1"]
[White "Cubitas"]
[Black "ccccvhhhj"]
[Result "1-0"]
[WhiteElo "2732"]
[BlackElo "2417"]
[TimeControl "180+1"]
[EndTime "14:06:56 PST"]
[Termination "Cubitas won on time"]

1. e4 e6 2. d4 d5 3. Nc3 Bb4 4. Ne2 Nc6 5. a3 Ba5 6. b4 Bb6 7. exd5 exd5 8. Be3 Nf6 9. Nf4 O-O 10. Be2 a5 11. b5 Ne7 12. Bf3 c6 13. O-O Bc7 14. bxc6 bxc6 15. Nd3 Ng6 16. g3 Re8 17. Re1 Bh3 18. Bg5 Rxe1+ 19. Qxe1 h6 20. Be3 Bd6 21.
Qd2 Qd7 22. Na4 Rb8 23. Nac5 Qf5 24. Qe2 Bg4 25. Bxg4 Nxg4 26. Kg2 Re8 27. Re1 h5 28. h3 Nxe3+ 29. fxe3 h4 30. g4 Qf6 31. Qf3 Qe7 32. e4 dxe4 33. Rxe4 Qd8 34. Nb7 Qd7 35.
Rxe8+ Qxe8 36. Nxd6 Qe7 37. Nf5 Qxa3 38. Qxc6 Qa2 39. d5 a4 40. d6 a3 41. d7 Qb1 42.
d8=Q+ Kh7 43. Qca8 1-0

[Event "Late-Titled-Tuesday-Blitz-January-30-2024"]
[Site "Chess.com"]
[Date "2024.01.30"]
[Round "1"]
[White "SaqoChess_Twitch"]
[Black "Charodej1"]
[Result "1-0"]
[WhiteElo "2627"]
[BlackElo "2307"]
[TimeControl "180+1"]
[EndTime "14:06:58 PST"]
[Termination "SaqoChess_Twitch won by resignation"]

1. d4 Nf6 2. c4 e6 3. Nc3 d5 4.
cxd5 exd5 5. Bg5 c6 6. e3 Be7 7.
Bd3 Nbd7 8. Qc2 O-O 9. Nf3 Re8 10. O-O h6 11. Bf4 Nf8 12. h3 Bd6 13. Ne5 Qe7 14. Rab1 a5 15. a3 N6d7 16. Nxd7 Bxd7 17. Bxd6 Qxd6 18. b4 axb4 19. axb4 Ne6 20. b5 c5 21. dxc5 Qxc5 22. Rfc1 d4 23. Ne4 Qxc2 24. Bxc2 dxe3 25. fxe3 b6 26. Nd6 Re7 27. Be4 Rf8 28. Bc6 Nc5 29. e4 Be6 30. Rb4 f6 31. Rd1 Kh7 32. Nf5 Bxf5 33.
exf5 Re5 34. Rf4 Kg8 35. Rd6 Rb8 36. Bd5+ Kf8 37. Bc4 Ke7 38. Rc6 Rb7 39. Rg4 Rxf5 40. Rxg7+ Kd8 41. Rg8+ Ke7 42. Rg7+ Kd8 43. Rxb7 Nxb7 44.
Rxb6 Nc5 45. Rc6 Kd7 46. g4 Rg5 47. Kg2 Ne4 48. Be6+ Ke7 49. b6 Nd6 50. Bc8 Rb5 51. b7 Rb2+ 52. Kg3 Rb4 53. Kh4 Rb5 54. Rc7+ Kd8 55.
Rd7+ Ke8 56. Rxd6 1-0